 Dungeon Crawl Stone Soup version 0.29-a0-359-g541a27f54d (webtiles) character file.

Game seed: 2836414447839234173

430 zeratav the Archer (level 6, -6/35 HPs)
             Began as a Tengu Hunter on Apr 27, 2022.
             Mangled by a killer bee (8 damage)
             ... on level 4 of the Dungeon.
             The game lasted 00:04:25 (3363 turns).

zeratav the Archer (Tengu Hunter)                   Turns: 3363, Time: 00:04:26

Health: -6/35      AC:  3    Str: 11    XL:     6   Next: 99%
Magic:  7/7        EV: 14    Int:  9    God:
Gold:   251        SH:  5    Dex: 20    Spells: 5/5 levels left

rFire   . . .      SeeInvis .   a - +1 shortbow {bow}
rCold   . . .      Faith    .   (shield currently unavailable)
rNeg    . . .      Spirit   .   b - +0 leather armour
rPois   .          Reflect  +   (helmet restricted)
rElec   .          Harm     .   (no cloak)
rCorr   .          Rampage  .   (no gloves)
Will    .....                   (boots unavailable)
Stlth   ++........              k - amulet of reflection
HPRegen 0.11/turn               (no ring)
MPRegen 0.10/turn               (no ring)

@: lethally poisoned (-6 -> -20), flying quickly and evasively, quick
A: beak, talons 3, nimble flight
a: no special abilities


You were on level 4 of the Dungeon.
You visited 1 branch of the dungeon, and saw 4 of its levels.

You collected 251 gold pieces.


Innate Abilities, Weirdness & Mutations

You have a beak for a mouth.
You have claws for feet.
Your magical nature lets you fly swiftly and evasively.


   Skills:
 - Level 2.0 Fighting
 + Level 8.9 Bows
 - Level 2.1 Dodging
 - Level 1.0 Stealth


You had 5 spell levels left.
You didn't know any spells.
Your spell library contained the following spells:

 Spells                   Type           Power      Damage    Failure   Level
 Beastly Appendage        Tmut           0%         N/A       47%         1
 Foxfire                  Conj/Fire      0%         2x1d4     47%         1
 Wereblood                Tmut           0%         N/A       63%         2
 Conjure Flame            Conj/Fire      0%         6-21      85%         3
 Inner Flame              Hex/Fire       0%         N/A       85%         3
 Spider Form              Tmut/Pois      0%         N/A       85%         3
 Flame Wave               Conj/Fire      0%         2d4       99%         4

Inventory:

Hand Weapons
 a - a +1 shortbow (weapon) {bow}
 m - a +2 dagger of speed {short}
   (You took it off a goblin on level 3 of the Dungeon)
Armour
 b - a +0 leather armour (worn)
 o - a +0 leather armour
   (You took it off an orc on level 3 of the Dungeon)
 q - a +0 chain mail
   (You took it off an orc on level 3 of the Dungeon)
 A - a +0 robe
   (You found it on level 4 of the Dungeon)
 B - a +0 ring mail
   (You found it on level 4 of the Dungeon)
Jewellery
 j - a ring of magical power
   (You found it on level 2 of the Dungeon)
 k - an amulet of reflection (around neck)
   (You found it on level 2 of the Dungeon)
 y - an amulet of magic regeneration {@e2}
   (You found it on level 4 of the Dungeon)
Scrolls
 c - a scroll of immolation {!r!r}
 f - a scroll of enchant armour {unknown}
 h - 2 scrolls of fear {unknown}
 l - a scroll of vulnerability {unknown}
 n - 4 scrolls of identify {unknown}
 p - a scroll of enchant weapon {unknown}
 r - 2 scrolls of fog {unknown}
 t - a scroll of holy word {unknown}
 v - a scroll of amnesia {unknown}
 w - a scroll of teleportation {unknown}
 x - a scroll of brand weapon {unknown}
Potions
 d - a potion of haste {unknown}
 e - 3 potions of mutation {unknown}
 g - 2 potions of brilliance {unknown}
 i - 2 potions of heal wounds {unknown}
 s - a potion of attraction {unknown}
 u - a potion of cancellation {unknown}
 z - a potion of curing {unknown}

Dungeon Overview and Level Annotations

Branches:
Dungeon (4/15)
 Temple: D:4-7

Altars:

#......#
#.....#
#......#
##...##
#......##
#...#
#.......#
#...#
#^.....##
#...#
#...####
##..## #####
#...# ##...#
#>@y.#
#yyy.#
#!....#
.......#
†..#.....
...######..#
. .## #..
.... ##.
.... ...


You could see 4 killer bees.


Message History

B - a +0 ring mail A goblin comes into view.
It is wielding a +0 club.
HP[+7]
Your hp is fully restored (35).
You shoot an arrow. The arrow hits the goblin.
The goblin shouts!
You shoot an arrow. The arrow hits the goblin!
You kill the goblin!
No target in view!
No target in view!
No target in view!
No target in view!
No target in view!
No target in view!
No target in view!
No target in view!
No target in view!
No target in view!
Found a stone staircase leading down.
You now have 251 gold pieces (gained 4).
Things that are here:
a +0 club {mace}; a goblin corpse A hobgoblin comes into view.
You shoot an arrow. The arrow hits the hobgoblin.
The hobgoblin shouts!
You hear an angry buzzing noise.
A killer bee comes into view.
You shoot an arrow. The killer bee buzzes angrily.
The arrow hits the hobgoblin!
You kill the hobgoblin!
A killer bee comes into view.
You shoot an arrow. The killer bee buzzes angrily.
The arrow hits the killer bee!
A killer bee comes into view. x3
You shoot an arrow. The arrow misses the killer bee.
The killer bee buzzes angrily. x2
The arrow hits the killer bee!
The killer bee stings you! The killer bee closely misses you.
You shoot an arrow. The arrow hits the killer bee!
You kill the killer bee!
The killer bee stings you.
You are poisoned.
The killer bee poisons you!
You are too injured to fight recklessly!
You are too injured to fight recklessly!
You are too injured to fight recklessly!
HP[-10]
You take 10 damage, and now have 25/35 hp.
MASSIVE DAMAGE!! (PAUSE)
You are too injured to fight recklessly!
You are too injured to fight recklessly!
You are too injured to fight recklessly!
You are too injured to fight recklessly!
You are too injured to fight recklessly!
You are too injured to fight recklessly!
You are too injured to fight recklessly!
You are too injured to fight recklessly!
You are too injured to fight recklessly!
You are too injured to fight recklessly!
You are too injured to fight recklessly!
You are too injured to fight recklessly!
You are too injured to fight recklessly!
You are too injured to fight recklessly!
You are too injured to fight recklessly!
You are too injured to fight recklessly!
You are too injured to fight recklessly!
Shoot: a) +1 shortbow {bow}
Press: ? - help, Q - select action Shift-Dir - straight line, f - killer bee
Aim: a killer bee (heavily wounded, 45% to hit)
You shoot an arrow. The arrow barely misses the killer bee.
You feel very sick. You block the killer bee's attack.
The killer bee closely misses you.
The killer bee stings you but does no damage. x2
You block the killer bee's attack.
HP[-3]
You take 3 damage, and now have 22/35 hp.
Shoot: a) +1 shortbow {bow}
Press: ? - help, Q - select action Shift-Dir - straight line, f/p - killer bee
Aim: a killer bee (heavily wounded, 45% to hit)
You shoot an arrow. The arrow misses the killer bee.
The arrow hits the killer bee!
You feel sick. The killer bee completely misses you.
You block the killer bee's attack. The killer bee completely misses you.
The killer bee stings you but does no damage.
HP[-2]
You take 2 damage, and now have 20/35 hp.
Shoot: a) +1 shortbow {bow}
Press: ? - help, Q - select action Shift-Dir - straight line, f/p - killer bee
Aim: a killer bee (heavily wounded, 45% to hit)
You shoot an arrow. The arrow hits the killer bee.
You feel sick. The killer bee stings you!
* * * LOW HITPOINT WARNING * * *
You are lethally poisoned!
The killer bee poisons you! The killer bee stings you.
* * * LOW HITPOINT WARNING * * *
The killer bee stings you!
* * * LOW HITPOINT WARNING * * *
You block the killer bee's attack. The killer bee stings you!
You die...

Skill      XL: |  1  2  3  4  5  6 |
---------------+-------------------+-----
Bows           | 5 6 7 8 |  8.9
Fighting       | |  2.0
Dodging        | |  2.1
Stealth        | |  1.0

Action                   |  1- 3 |  4- 6 || total
-------------------------+-------+-------++-------
 Fire: Shortbow          |    64 |   133 ||   197
Armor: Leather armour    |     4 |     7 ||    11
Dodge: Dodged            |    14 |    25 ||    39
Block: Other             |       |     8 ||     8

Levels and vault maps discovered:
D:1:      lemuel_arrival_muddy, layout_basic, serial_glass, glass_columns_b,
          glass_columns_a, glass_columns_b, glass_columns_b, glass_columns_b,
          glass_columns_c, chequers_ecumenical_altar_twisty,
          serial_bayou_lagoon_a
D:2:      layout_loops_corners, minmay_tromino_v4_b
D:3:      layout_rooms, uniq_robin
D:4:      layout_cave_pods, amethyst_killhole, minivault_24, grunt_ministairs_7

Notes
Turn   | Place    | Note
-------+----------+-------------------------------------------
     0 | D:1      | zeratav the Tengu Hunter began the quest for the Orb.
     0 | D:1      | Reached XP level 1. HP: 12/12 MP: 2/2
     0 | D:1      | magus.rc [v1.9.6]
   330 | D:1      | Reached XP level 2. HP: 17/17 MP: 3/3
   378 | D:1      | Found a faded altar of an unknown god.
   389 | D:1      | Reached skill level 5 in Bows
  1174 | D:2      | Reached XP level 3. HP: 13/21 MP: 4/4
  1537 | D:2      | Reached skill level 6 in Bows
  1605 | D:2      | Reached XP level 4. HP: 22/26 MP: 5/5
  1771 | D:2      | You pick up a book of Changes and begin reading...
  1771 | D:2      | You add the spells Beastly Appendage, Wereblood and Spider
                  | Form to your library.
  1999 | D:2      | You pick up a book of Flames and begin reading...
  1999 | D:2      | You add the spells Foxfire, Conjure Flame, Inner Flame and
                  | Flame Wave to your library.
  2197 | D:3      | Noticed a scorpion
  2200 | D:3      | Killed a scorpion
  2201 | D:3      | Gained mutation: Your magical nature lets you fly swiftly
                  | and evasively. [Tengu growth]
  2201 | D:3      | Reached XP level 5. HP: 30/30 MP: 6/6
  2274 | D:3      | Reached skill level 7 in Bows
  2285 | D:3      | Noticed Robin
  2337 | D:3      | Killed Robin
  2696 | D:3      | You pick up a book of Changes and begin reading...
  2756 | D:4      | Reached XP level 6. HP: 35/35 MP: 7/7
  2763 | D:4      | Reached skill level 8 in Bows
  3363 | D:4      | HP: 2/35 [killer bee (8)]
  3363 | D:4      | Mangled by a killer bee

Vanquished Creatures
  A scorpion (D:3)
  2 necrophages (D:4)
  A killer bee (D:4)
  A jelly (D:4)
  2 iguanas (D:4)
  Robin (D:3)
  3 adders (D:2)
  A worm (D:2)
  2 dart slugs
  8 orcs (D:3)
  2 ball pythons
  6 endoplasms
  3 giant cockroaches
  15 goblins
  8 hobgoblins
  8 jackals
  2 quokkas
  5 bats
  3 frilled lizards
  4 kobolds
  5 rats
83 creatures vanquished.

Vanquished Creatures (others)
  A plant (D:1)
1 creature vanquished.

Grand Total: 84 creatures vanquished

Table legend:
 A = Non-vault XP
 B = Vault XP
 C = Vault XP percentage of total XP
 D = Non-vault monster count
 E = Vault monster count
 F = Vault count percentage of total count
                 A         B        C        D         E       F
            +---------+---------+-------+---------+---------+-------
      Total |     576 |      39 |   6.3 |      68 |      15 |  18.1
            +---------+---------+-------+---------+---------+-------
        D:1 |      32 |       0 |   0.0 |      21 |       0 |   0.0
        D:2 |      60 |       3 |   4.8 |      12 |       2 |  14.3
        D:3 |     124 |      36 |  22.5 |      18 |      13 |  41.9
        D:4 |     360 |       0 |   0.0 |      17 |       0 |   0.0
            +---------+---------+-------+---------+---------+-------

Illustrated notes

Table legend:
 A = Kills in this place as a percentage of kills in entire the game.
 B = Kills by you in this place as a percentage of kills by you in the entire game.
 C = Kills by friends in this place as a percentage of kills by friends in the entire game.
 D = Other kills in this place as a percentage of other kills in the entire game.
 E = Experience gained in this place as a percentage of experience gained in the entire game.
 F = Experience gained in this place divided by the number of levels of this place that you have seen.
                   A       B       C       D       E      F
               +-------+-------+-------+-------+-------+----------------------
         Total | 100.0 | 100.0 |   N/A |   N/A | 100.0 | 153.8
       Dungeon | 100.0 | 100.0 |   N/A |   N/A | 100.0 | 153.8
               +-------+-------+-------+-------+-------+----------------------

Table legend: (Time is in decaauts)
 A = Elapsed time spent in this place.
 B = Non-inter-level travel time spent in this place.
 C = Inter-level travel time spent in this place.
 D = Time resting spent in this place.
 E = Time spent auto-exploring this place.
 F = Levels seen in this place.
 G = Mean time per level.
                   A        B        C        D        E       F      G
               +--------+--------+--------+--------+--------+-----+--------+
         Total |   3342 |   3266 |     76 |     47 |   2834 |   4 |  835.5 |
       Dungeon |   3342 |   3266 |     76 |     47 |   2834 |   4 |  835.5 |
               +--------+--------+--------+--------+--------+-----+--------+

Top non-repeatable levels by time:
     D:2: 1154 daAuts
     D:1: 1065 daAuts
     D:4: 579 daAuts
     D:3: 543 daAuts
